 Dungeon Crawl Stone Soup version 0.26-a0-651-gb41185065b (webtiles) character file.

Game seed: 15655399767819752600

57 Irenicus the Digger (level 3, 0/28 HPs)
             Began as a Deep Dwarf Earth Elementalist on Oct 20, 2020.
             Slain by a kobold
             ... wielding a +0 club
              (2 damage)
             ... on level 2 of the Dungeon.
             The game lasted 00:03:54 (688 turns).

Irenicus the Digger (Deep Dwarf Earth Elementalist)  Turns: 688, Time: 00:03:55

Health: 0/28       AC:  2    Str: 11    XL:     3   Next: 73%
Magic:  5/5        EV: 12    Int: 16    God:
Gold:   75         SH:  0    Dex: 13    Spells: 2/5 levels left

rFire    . . .     SeeInvis .   j - +2 dagger (drain)
rCold    . . .     Faith    .   (no shield)
rNeg     . . .     Spirit   .   c - +0 robe
rPois    .         Reflect  .   (no helmet)
rElec    .         Harm     .   (no cloak)
rCorr    .         Rampage  .   (no gloves)
MR       .....                  (no boots)
Stlth    ++........             (no amulet)
HPRegen  0.00/turn              (no ring)
MPRegen  0.09/turn              (no ring)

@: non-regenerating
A: damage resistance, heal wounds, sense surroundings 1, no regeneration
a: Heal Wounds


You were on level 2 of the Dungeon.
You visited 1 branch of the dungeon, and saw 2 of its levels.

You collected 75 gold pieces.

Inventory:

Hand Weapons
 j - a +2 dagger of draining (weapon)
   (You took it off a goblin on level 2 of the Dungeon)
Missiles
 f - 3 stones (quivered)
Armour
 b - a +0 ring mail
   (You found it on level 2 of the Dungeon)
 c - a +0 robe (worn)
Scrolls
 d - a scroll of remove curse {unknown}
 e - 4 scrolls of enchant armour {unknown}
 g - a scroll of identify {unknown}
 h - a scroll of enchant weapon {unknown}
Potions
 a - a potion of curing {unknown}
 i - a potion of might


   Skills:
 - Level 2.1 Dodging
 - Level 2.4 Stealth
 - Level 1.7 Spellcasting
 - Level 0.8 Transmutations
 + Level 6.3 Earth Magic


You had 2 spell levels left.
You knew the following spells:

 Your Spells              Type           Power        Failure   Level
a - Sandblast             Erth           ###...       1%          1
w - Passwall              Tmut/Erth      ##......     8%          2

Your spell library contained the following spells:

 Spells                   Type           Power        Failure   Level
 Stone Arrow              Conj/Erth      ##....       17%         3
 Lee's Rapid Deconstruct  Erth           ###.......   41%         5
 Petrify                  Tmut/Erth      ##......     43%         4
 Confusing Touch          Hex            #.......     54%         3
 Gell's Gravitas          Tloc           #.........   54%         3
 Metabolic Englaciation   Hex/Ice        #.........   99%         5
 Yara's Violent Unravell  Hex/Tmut       #.........   99%         5


Dungeon Overview and Level Annotations

Branches:
Dungeon (2/15)

Altars:
Zin


Innate Abilities, Weirdness & Mutations

You are resistant to damage.
You can heal yourself by infusing magical energy.
You passively map a small area around you.
You do not regenerate.


Message History

MP restored: 5 The rat bites you.
Casting: Sandblast (safe; 1% risk of failure)
Confirm with . or Enter, or press ? or * to list all spells.
Aiming: Sandblast (safe; 1% risk of failure)
Press: ? - help, Shift-Dir - straight line, f - rat
Aim: a rat You don't have any stones to cast with.
You barely miss the rat. The rat closely misses you.
You hit the rat but do no damage. You drain the rat.
The rat is severely wounded.
The rat bites you.
You closely miss the rat.
The rat is severely wounded.
The ball python bites you. The ball python completely misses you.
The rat barely misses you.
You barely miss the ball python.
The ball python bites you but does no damage.
The ball python grabs you. The ball python constricts you. The rat misses you.
You barely miss the ball python. The ball python barely misses you.
The ball python constricts you. The rat closely misses you.
The ball python barely misses you. The ball python constricts you.
You closely miss the ball python. The rat bites you but does no damage.
The ball python barely misses you. The ball python constricts you.
You hit the ball python.
You kill the ball python!
Your Earth Magic skill increases to level 6!
The rat bites you but does no damage.
You hit the rat.
You kill the rat!
There is a glowing silver altar of Zin here.
A hobgoblin comes into view. It is wielding a +0 club.
A goblin comes into view. It is wielding a +0 spear.
A worm and a kobold come into view.
Found a stone staircase leading down.
A hobgoblin comes into view.
The kobold shouts!
The kobold throws a stone.
The stone barely misses you.
You see here a stone.
The kobold throws a stone.
The stone closely misses you.
You barely miss the worm.
The kobold throws a stone.
The stone completely misses you. The worm bites you.
The rat bites you but does no damage.
You take 3 damage, and have 12/28 hp.
The hobgoblin shouts!
The hobgoblin closely misses you. The kobold hits you with a +0 club.
You take 1 damage, and have 11/28 hp.
The hobgoblin completely misses you.
It was a potion of might.
You feel very mighty all of a sudden. The hobgoblin barely misses you.
The kobold closely misses you.
You puncture the hobgoblin!
You kill the hobgoblin!
The rat bites you. The kobold hits you but does no damage.
You barely miss the kobold. The rat barely misses you.
The kobold closely misses you.
You hit the kobold.
You kill the kobold!
The rat bites you.
You puncture the rat!
You kill the rat!
The worm bites you.
* * * LOW HITPOINT WARNING * * *
You take 3 damage, and have 8/28 hp.
You puncture the worm!
The worm is heavily wounded.
You puncture the worm! You drain the worm.
You kill the worm!
You see here a worm corpse.
You now have 75 gold pieces (gained 10).
d - a scroll labeled XUICIO KADIKIUSO You strike the helpless worm from behind!
You puncture the worm!
The worm is almost dead.
The worm completely misses you.
You puncture the worm!
You kill the worm!
You see here a worm corpse.
f - a stone
f - 3 stones (gained 2)
You hit the worm. You drain the worm.
The worm is moderately wounded.
The worm bites you!
* * * LOW HITPOINT WARNING * * *
You take 6 damage, and have 2/28 hp.
MASSIVE DAMAGE!!
You puncture the worm!
The worm is severely wounded.
You puncture the worm!
You kill the worm!
You see here a worm corpse.
A kobold comes into view. It is wielding a +0 club.
The hobgoblin shouts!
The kobold shouts!
The hobgoblin hits you but does no damage.
Found a stone staircase leading down.
You barely miss the hobgoblin. The hobgoblin barely misses you.
You hit the kobold.
The kobold is heavily wounded.
You feel a little less mighty now. The kobold hits you with a +0 club.
You die...

#.. ##.# #.......#####..#
.. ....# ##)..##.)....#).
.##.##.. ###.......###..
.#..###.. #..##.### #..
...#* ##.
##########..##.#####..
.###
*>,...$.................†
##
#..#####..†....#######..
# #.....K#.#...#...# #.>
# #g@...#####.# #.. # * *
##.......# .# ### # , , ,
, ...#.....#* #* * # *
#?.##....... , * # *, ,
##. #.....## , # *
..*####### * #,, ... , ,
.,* ##. # , ,,


You could see a hobgoblin and a kobold.

Vanquished Creatures
  An ooze (D:2)
  3 worms (D:2)
  2 dart slugs (D:1)
  2 ball pythons
  A giant cockroach (D:2)
  8 hobgoblins
  2 jackals (D:1)
  A kobold (D:2)
  5 bats
  2 frilled lizards
  6 goblins
  6 rats
39 creatures vanquished.

Notes
Turn   | Place    | Note
-------+----------+-------------------------------------------
     0 | D:1      | Irenicus the Deep Dwarf Earth Elementalist began the quest
                  | for the Orb.
     0 | D:1      | Reached XP level 1. HP: 15/15 MP: 3/3
   163 | D:1      | Reached XP level 2. HP: 19/22 MP: 2/4
   198 | D:1      | Reached skill level 5 in Earth Magic
   354 | D:1      | Learned a level 2 spell: Passwall
   486 | D:2      | Reached XP level 3. HP: 20/28 MP: 0/5
   556 | D:2      | Found a glowing silver altar of Zin.
   602 | D:2      | Reached skill level 6 in Earth Magic
   680 | D:2      | HP: 2/28 [worm (6)]
   688 | D:2      | Slain by a kobold

Illustrated notes

Levels and vault maps discovered:
D:1:      wander_arrival_peaceful_grave, layout_loops_cross
D:2:      layout_rooms, old_standard_altar, overflow_temple_1_default,
          nicolae_overflow_crystal_walls, fiery_altar_vehumet

Skill      XL: |  1  2  3 |
---------------+----------+-----
Earth Magic    | 5 6 |  6.3
Dodging        | |  2.1
Stealth        | |  2.4
Spellcasting   | |  1.7
Transmutations | |  0.8

Action                   || total
-------------------------++-------
Melee: Dagger            ||    64
       Unarmed           ||     1
 Cast: Sandblast         ||    30
       Passwall          ||     2
  Use: Potion            ||     1
 Stab: Distracted        ||     1
       Sleeping          ||     1
Armor: Robe              ||    16
Dodge: Dodged            ||    49

Table legend: (Time is in decaauts)
 A = Elapsed time spent in this place.
 B = Non-inter-level travel time spent in this place.
 C = Inter-level travel time spent in this place.
 D = Time resting spent in this place.
 E = Time spent auto-exploring this place.
 F = Levels seen in this place.
 G = Mean time per level.
                   A        B        C        D        E       F      G
               +--------+--------+--------+--------+--------+-----+--------+
         Total |    686 |    686 |      0 |      0 |      0 |   2 |  343.0 |
       Dungeon |    686 |    686 |      0 |      0 |      0 |   2 |  343.0 |
               +--------+--------+--------+--------+--------+-----+--------+

Top non-repeatable levels by time:
     D:1: 457 daAuts
     D:2: 229 daAuts

Table legend:
 A = Kills in this place as a percentage of kills in entire the game.
 B = Kills by you in this place as a percentage of kills by you in the entire game.
 C = Kills by friends in this place as a percentage of kills by friends in the entire game.
 D = Other kills in this place as a percentage of other kills in the entire game.
 E = Experience gained in this place as a percentage of experience gained in the entire game.
 F = Experience gained in this place divided by the number of levels of this place that you have seen.
                   A       B       C       D       E      F
               +-------+-------+-------+-------+-------+----------------------
         Total | 100.0 | 100.0 |   N/A |   N/A | 100.0 |  41.0
       Dungeon | 100.0 | 100.0 |   N/A |   N/A | 100.0 |  41.0
               +-------+-------+-------+-------+-------+----------------------
